 Dungeon Crawl Stone Soup version 0.31-a0-161-gb58dd9be76 (webtiles) character file.

Game seed: 13610110906977715571

227 qw the Shooter (level 6, -1/56 HPs)
             Began as a Naga Hunter on June 12, 2023.
             Slain by a water moccasin (5 damage)
             ... on level 4 of the Dungeon.
             The game lasted 00:00:53 (2300 turns).

qw the Shooter (Naga Hunter)                        Turns: 2300, Time: 00:00:54

Health: -1/56      AC:  4    Str: 13    XL:     6   Next: 2%
Magic:  0/6        EV:  9    Int:  9    God:
Gold:   159        SH:  0    Dex: 17    Spells: 5/5 levels left

rFire   . . .        Y - +0 shortbow
rCold   . . .        (shield currently unavailable)
rNeg    . . .        c - +0 leather armour
rPois   +            (no helmet)
rElec   .            a - +0 cloak
rCorr   .            (no gloves)
SInv    +            (no barding)
Will    .....        h - amulet of guardian spirit
Stlth   ++           (no ring)
HPRegen 0.29/turn    (no ring)
MPRegen 0.10/turn

%: guardian spirit
@: lethally poisoned (-1 -> -2), short of breath, very slow
A: AC +2, large, see invisible, deformed body, poison resistance, slowness 2,
spit poison 1, naga tail 1
a: Spit Poison


You were on level 4 of the Dungeon.
You visited 1 branch of the dungeon, and saw 4 of its levels.

You collected 159 gold pieces.


Innate Abilities, Weirdness & Mutations

Your serpentine skin is tough. (AC +2)
You have supernaturally acute eyesight. (SInv)
Armour fits poorly on your strangely shaped body.
Your system is resistant to poisons. (rPois)
You cover ground very slowly.
You can spit poison.
You have a snake-like lower body.


   Skills:
 + Level 3.1 Fighting
 - Level 6.0 Ranged Weapons
 - Level 1.5 Dodging
 - Level 1.5 Stealth


You had 5 spell levels left.
You didn't know any spells.
Your spell library was empty.

Inventory:

Hand Weapons
 Y - a +0 shortbow (weapon)
Armour
 a - a +0 cloak (worn)
 c - a +0 leather armour (worn)
 d - the +0 leather armour of the Griffon {Contam Int+5 Dex+5}
   (You found it on level 4 of the Dungeon)

   Int:       It affects your intelligence (+5).
   Dex:       It affects your dexterity (+5).
   Contam:    It causes magical contamination when unequipped.
Jewellery
 b - a ring of ice
 h - an amulet of guardian spirit (around neck)
Scrolls
 f - 2 scrolls of identify
Potions
 g - a potion of resistance
 i - a potion of curing

Dungeon Overview and Level Annotations

Branches:
Dungeon (4/15)
 Temple: D:4-7

Altars:
Makhleb

Shops:
D:4 *


Message History

You shoot an arrow. The arrow hits the water moccasin.
The water moccasin is moderately wounded.
You feel a bit more experienced. The water moccasin bites you.
You are poisoned.
The water moccasin poisons you! The adder bites you but does no damage.
The water moccasin barely misses you. The adder bites you.
Your Ranged Weapons skill increases to level 6!
You have reached level 6!
Your skin feels tougher.
You shoot an arrow. The arrow hits the water moccasin.
The water moccasin is heavily wounded.
You feel very sick. The water moccasin bites you. The adder barely misses you.
The water moccasin misses you.
You shoot an arrow. The arrow misses the water moccasin.
You feel sick. The adder misses you. The water moccasin barely misses you.
The adder bites you but does no damage.
You shoot an arrow. The arrow hits the water moccasin.
The water moccasin is heavily wounded.
You feel sick. The water moccasin bites you.
The adder bites you but does no damage. The water moccasin closely misses you.
You shoot an arrow.
The arrow completely misses the water moccasin.
You have got your breath back.
You feel sick.
The water moccasin bites you but does no damage.
The adder closely misses you. The water moccasin bites you.
The adder bites you.
2298 ||| INVOKING Spit Poison.
Aiming: Spit Poison (1% risk of failure)
Press: ? - help, Shift-Dir - straight line, f - adder, p - water moccasin The splash of poison misses the adder.
You feel sick.
The water moccasin bites you but does no damage.
The adder closely misses you.
You shoot an arrow. The arrow misses the water moccasin.
You feel sick. The water moccasin bites you! The adder closely misses you.
You shoot an arrow. The arrow hits the water moccasin.
The water moccasin is severely wounded.
You feel sick. The water moccasin closely misses you.
The adder bites you but does no damage. The water moccasin bites you!
You die...

##########
.........#
#.##.###.#
#.##.###.######
##.##..).......##
###......##.###...#
#S@..##.###.##.....
#S##.##.# #.###....
#.. #.##.###.#
##.## #.\
#........# #.# #..
#..#.##### #.#
##+###.#.# ##'##
...#.# ##...# #
#.##.# ##.(...
#.####.#..#
##......


You could see a water moccasin and an adder.

Vanquished Creatures
  A hound (D:4)
  Ijyb (D:3)
  6 gnolls (D:3)
  5 adders
  A dart slug (D:1)
  5 ball pythons
  9 endoplasms
  3 giant cockroaches
  4 goblins
  6 hobgoblins
  7 jackals (D:2)
  4 kobolds
  2 quokkas (D:3)
  7 bats
  2 frilled lizards
  3 rats
66 creatures vanquished.

Notes
Turn   | Place    | Note
-------+----------+-------------------------------------------
     0 | D:1      | qw the Naga Hunter began the quest for the Orb.
     0 | D:1      | Reached XP level 1. HP: 19/19 MP: 1/1
     0 | D:1      | 0 ||| qw: Version: 0.2-a-29-gc1b59c4
     0 | D:1      | 0 ||| qw: Game counter: 4172
     0 | D:1      | 0 ||| qw: Always use a shield: true
     0 | D:1      | 0 ||| qw: God list: Okawaru
     0 | D:1      | 0 ||| qw: Allow faded altars: false
     0 | D:1      | 0 ||| qw: Do Orc after D:15 true
     0 | D:1      | 0 ||| qw: Do second Lair branch before Depths: true
     0 | D:1      | 0 ||| qw: Lair rune preference: random
     0 | D:1      | 0 ||| qw: Plans: Normal
     0 | D:1      | 0 ||| PLANNING D:1-11
    67 | D:1      | 67 ||| INVOKING Spit Poison.
   100 | D:1      | 100 ||| INVOKING Spit Poison.
   112 | D:1      | 112 ||| INVOKING Spit Poison.
   114 | D:1      | Reached skill level 4 in Ranged Weapons
   114 | D:1      | Reached XP level 2. HP: 26/26 MP: 2/2
   267 | D:1      | 267 ||| INVOKING Spit Poison.
   298 | D:1      | 298 ||| INVOKING Spit Poison.
   330 | D:1      | 330 ||| INVOKING Spit Poison.
   452 | D:1      | 452 ||| INVOKING Spit Poison.
   458 | D:1      | 458 ||| INVOKING Spit Poison.
   491 | D:1      | 491 ||| INVOKING Spit Poison.
   492 | D:1      | Reached XP level 3. HP: 32/32 MP: 3/3
   606 | D:1      | 606 ||| INVOKING Spit Poison.
   685 | D:1      | 685 ||| INVOKING Spit Poison.
   762 | D:1      | 762 ||| INVOKING Spit Poison.
   767 | D:1      | 767 ||| READING scroll labelled JUDIUK YZUDU.
   768 | D:1      | 768 ||| READING 3 scrolls labelled KUHEIS ATEUMOL.
   769 | D:1      | 769 ||| READING scroll labelled GELIVE ISEIJA.
   770 | D:1      | 770 ||| DRINKING 2 pink potions.
   771 | D:1      | 771 ||| DRINKING 2 fizzy clear potions.
   772 | D:1      | 772 ||| READING 2 scrolls of identify.
   772 | D:1      | 772 ||| IDENTIFYING cyan potion
   773 | D:1      | 773 ||| DROPPING scroll of butterflies.
   774 | D:1      | 774 ||| DROPPING potion of attraction.
   814 | D:2      | 814 ||| INVOKING Spit Poison.
   820 | D:2      | 820 ||| INVOKING Spit Poison.
   854 | D:2      | 854 ||| INVOKING Spit Poison.
   865 | D:2      | 865 ||| INVOKING Spit Poison.
   899 | D:2      | Found a burning altar of Makhleb.
   951 | D:2      | 951 ||| INVOKING Spit Poison.
   983 | D:2      | 983 ||| INVOKING Spit Poison.
  1259 | D:2      | 1259 ||| INVOKING Spit Poison.
  1265 | D:2      | 1265 ||| INVOKING Spit Poison.
  1268 | D:2      | 1268 ||| INVOKING Spit Poison.
  1307 | D:2      | 1307 ||| INVOKING Spit Poison.
  1388 | D:2      | Reached skill level 5 in Ranged Weapons
  1415 | D:2      | 1415 ||| INVOKING Spit Poison.
  1416 | D:2      | Reached XP level 4. HP: 39/39 MP: 4/4
  1418 | D:2      | 1418 ||| INVOKING Spit Poison.
  1432 | D:2      | Found a faded altar of an unknown god.
  1551 | D:2      | 1551 ||| READING scroll labelled ILONLU ORYE.
  1652 | D:2      | 1652 ||| READING scroll labelled WEMOXEOTEF.
  1753 | D:3      | 1753 ||| INVOKING Spit Poison.
  1770 | D:3      | 1770 ||| INVOKING Spit Poison.
  1813 | D:3      | 1813 ||| INVOKING Spit Poison.
  1819 | D:3      | 1819 ||| INVOKING Spit Poison.
  1820 | D:3      | Reached skill level 3 in Fighting
  1853 | D:3      | 1853 ||| INVOKING Spit Poison.
  1856 | D:3      | Reached XP level 5. HP: 49/49 MP: 5/5
  1860 | D:3      | 1860 ||| INVOKING Spit Poison.
  1961 | D:3      | Noticed Ijyb
  1963 | D:3      | 1963 ||| INVOKING Spit Poison.
  1968 | D:3      | 1968 ||| INVOKING Spit Poison.
  1971 | D:3      | Killed Ijyb
  2044 | D:3      | 2044 ||| INVOKING Spit Poison.
  2125 | D:3      | 2125 ||| UPGRADING to +0 cloak.
  2130 | D:3      | 2130 ||| UPGRADING to amulet of guardian spirit.
  2135 | D:3      | 2135 ||| READING scroll labelled WAJUORH HOPOPP.
  2138 | D:3      | 2138 ||| READING 3 scrolls of identify.
  2138 | D:3      | 2138 ||| IDENTIFYING grey potion
  2139 | D:3      | 2139 ||| DROPPING potion of brilliance.
  2168 | D:4      | 2168 ||| INVOKING Spit Poison.
  2173 | D:4      | 2173 ||| INVOKING Spit Poison.
  2223 | D:4      | 2223 ||| INVOKING Spit Poison.
  2229 | D:4      | 2229 ||| INVOKING Spit Poison.
  2234 | D:4      | 2234 ||| INVOKING Spit Poison.
  2265 | D:4      | Identified the +0 leather armour of the Griffon {Contam
                  | Int+5 Dex+5}
  2285 | D:4      | Found Fycroum's Serpentskin Sales.
  2285 | D:4      | Noticed a water moccasin
  2286 | D:4      | 2286 ||| INVOKING Spit Poison.
  2292 | D:4      | 2292 ||| INVOKING Spit Poison.
  2294 | D:4      | Reached skill level 6 in Ranged Weapons
  2294 | D:4      | Reached XP level 6. HP: 31/56 MP: 3/6
  2297 | D:4      | HP: 14/56 [water moccasin (3)]
  2298 | D:4      | 2298 ||| INVOKING Spit Poison.
  2299 | D:4      | HP: 5/56 [water moccasin (7)]
  2300 | D:4      | Slain by a water moccasin

Levels and vault maps discovered:
D:1:      nagdon_arrival_double_spiral, layout_loops_cross
D:2:      layout_basic, shapermc_ecumenical_altar_petra, basic_altar
D:3:      layout_rooms, uniq_ijyb
D:4:      minmay_chambers_of_threes, layout_loops_corners, grunt_ministairs_12,
          nicolae_take_the_stairs, guppyfry_shop_venom, uniq_grinder

Skill      XL: |  1  2  3  4  5 |
---------------+----------------+-----
Ranged Weapons | 4 5 6 |  6.0
Fighting       | 3 |  3.1
Dodging        | |  1.5
Stealth        | |  1.5

Action                     |  1- 3 |  4- 6 || total
---------------------------+-------+-------++-------
   Fire: Shortbow          |    69 |    76 ||   145
Ability: Spit Poison       |    23 |    18 ||    41
    Use: Scroll            |     4 |     4 ||     8
         Potion            |     2 |       ||     2
 Armour: Leather armour    |     3 |    11 ||    14
  Dodge: Dodged            |    15 |    22 ||    37

Table legend:
 A = Non-vault XP
 B = Vault XP
 C = Vault XP percentage of total XP
 D = Non-vault monster count
 E = Vault monster count
 F = Vault count percentage of total count
                 A         B        C        D         E       F
            +---------+---------+-------+---------+---------+-------
      Total |     253 |      72 |  22.2 |      62 |       4 |   6.1
            +---------+---------+-------+---------+---------+-------
        D:1 |      44 |       0 |   0.0 |      24 |       0 |   0.0
        D:2 |      43 |       0 |   0.0 |      17 |       0 |   0.0
        D:3 |     117 |      33 |  22.0 |      18 |       1 |   5.3
        D:4 |      49 |      39 |  44.3 |       3 |       3 |  50.0
            +---------+---------+-------+---------+---------+-------
